 Dungeon Crawl Stone Soup version 0.29-a0-620-g13ace881f2 (webtiles) character file.

Game seed: 5160020289954141909

8136 ptdevnull the Quickloader (level 11, 81/81 HPs)
             Began as a Gnoll Wanderer on June 18, 2022.
             Was a Priest of Cheibriados.
             Quit the game on level 1 of the Lair of Beasts.
             The game lasted 00:22:49 (10215 turns).

ptdevnull the Quickloader (Gnoll Wanderer)         Turns: 10215, Time: 00:22:49

Health: 81/81      AC:  8    Str: 20    XL:     11   Next: 26%
Magic:  16/21      EV: 18    Int: 20    God:    Cheibriados [***...]
Gold:   483        SH:  0    Dex: 26    Spells: 18/23 levels left

rFire   x . .      SeeInvis +   b - +8 dagger of Rotation {spect, rElec rF- Dex+3 SInv}
rCold   . . .      Faith    .   (no shield)
rNeg    . . .      Spirit   .   Q - +0 steam dragon scales
rPois   +          Reflect  .   (no helmet)
rElec   +          Harm     .   j - +0 cloak {Will+}
rCorr   .          Rampage  .   o - +0 pair of gloves
Will    +....                   (no boots)
Stlth   ++++......              (no amulet)
HPRegen 0.23/turn               h - +4 ring of slaying
MPRegen 0.17/turn               J - ring of poison resistance

@: very slow
A: fangs 1, strong nose, distributed training
a: Renounce Religion, Bend Time, Temporal Distortion


You were on level 1 of the Lair of Beasts.
You worshipped Cheibriados.
Cheibriados was most pleased with you.
You visited 3 branches of the dungeon, and saw 11 of its levels.

You collected 483 gold pieces.

Inventory:

Hand Weapons
 a - a +3 hand crossbow
 b - the +8 dagger of Rotation (weapon) {spect, rElec rF- Dex+3 SInv}
   (You found it on level 3 of the Dungeon)

   When its wielder attacks, the weapon's spirit leaps out and strikes again.
   The spirit shares a part of any damage it takes with its wielder.
   Dex:       It affects your dexterity (+3).
   rF:        It makes you vulnerable to fire.
   rElec:     It insulates you from electricity.
   SInv:      It lets you see invisible.
 F - a +0 rapier
 L - a +3 morningstar
 M - a +0 scimitar of flaming
 P - a +2 broad axe of flaming
Missiles
 m - 6 javelins
 t - 2 boomerangs
 v - 4 throwing nets
Armour
 d - a +0 robe
 e - a +1 chain mail of poison resistance
 f - a +0 ring mail
 j - a +0 cloak of willpower (worn)
 k - a +0 kite shield
 o - a +0 pair of gloves (worn)
 N - a +0 robe of willpower
 Q - +0 steam dragon scales (worn)
 R - a +1 robe of willpower
Jewellery
 h - a +4 ring of slaying (left hand)
 n - a ring of willpower
 w - a ring of protection from fire
 B - a +6 ring of dexterity
 C - a ring of protection from cold
 J - a ring of poison resistance (right hand)
Wands
 p - a wand of polymorph (2) (quivered)
 G - a wand of iceblast (2)
Scrolls
 c - 3 scrolls of fog
 g - 2 scrolls of teleportation
 l - 4 scrolls of identify
 q - a scroll of poison
 x - a scroll of immolation {unknown}
 y - 2 scrolls of fear
 D - a scroll of noise
 I - a scroll of acquirement {unknown}
 O - a scroll of amnesia {unknown}
Potions
 i - a potion of curing
 r - 2 potions of attraction
 s - a potion of invisibility
 u - 2 potions of brilliance
 z - 2 potions of might {unknown}
 A - a potion of resistance
 E - 2 potions of mutation {unknown}
 H - a potion of heal wounds
 K - a potion of magic {unknown}
 S - 4 potions of ambrosia
 T - a potion of lignification {unknown}


   Skills:
 + Level 6.1 Fighting
 + Level 6.1 Short Blades
 + Level 6.1 Long Blades
 + Level 6.1 Axes
 + Level 6.1 Maces & Flails
 + Level 6.1 Polearms
 + Level 6.1 Staves
 + Level 6.1 Slings
 + Level 6.1 Bows
 + Level 10.5 Crossbows
 + Level 6.1 Throwing
 + Level 6.1 Armour
 + Level 6.7 Dodging
 + Level 6.6 Stealth
 + Level 6.1 Shields
 + Level 6.1 Unarmed Combat
 + Level 6.8 Spellcasting
 + Level 5.0 Conjurations
 + Level 5.0 Hexes
 + Level 5.0 Summonings
 + Level 5.0 Necromancy
 + Level 5.0 Translocations
 + Level 5.5 Transmutations
 + Level 5.0 Fire Magic
 + Level 5.0 Ice Magic
 + Level 5.0 Air Magic
 + Level 5.0 Earth Magic
 + Level 5.0 Poison Magic
 + Level 6.7 Invocations
 + Level 7.7 Evocations


You had 18 spell levels left.
You knew the following spells:

 Your Spells              Type           Power      Damage    Failure   Level
a - Passwall              Tmut/Erth      23%        N/A       1%          2
b - Foxfire               Conj/Fire      100%       2x1d9     1%          1
c - Wereblood             Tmut           29%        N/A       1%          2

Your spell library contained the following spells:

 Spells                   Type           Power      Damage    Failure   Level
 Conjure Flame            Conj/Fire      27%        6-21      3%          3
 Inner Flame              Hex/Fire       27%        N/A       3%          3
 Portal Projectile        Hex/Tloc       54%        N/A       3%          3
 Tukima's Dance           Hex            27%        N/A       3%          3
 Flame Wave               Conj/Fire      27%        2d7       12%         4
 Blade Hands              Tmut           14%        N/A       26%         5


Dungeon Overview and Level Annotations

Branches:
Dungeon (9/15)             Temple (1/1) D:4            Lair (1/6) D:9
    Orc (0/2) D:9

Altars:
Cheibriados
Dithmenos
Elyvilon
Fedhas
Gozag
Hepliaklqana
Kikubaaqudgha
Makhleb
Nemelex Xobeh
Okawaru
Qazlal
Ru
Sif Muna
Trog
Uskayaw
Vehumet
Wu Jian
Xom
Yredelemnul
Zin
The Shining One

Shops:
D:3 :   D:9 (

Annotations:
D:4 1 runed translucent door, DocClef's ghost, amateur DrTm


Innate Abilities, Weirdness & Mutations

You have very sharp teeth.
Your uncanny sense of smell can sniff out nearby items.
Your experience applies equally to all skills.


Message History

The yak gores you! The yak misses you.
You climb upwards.
Welcome back to the Dungeon!
There is a staircase to the Lair here.
Unknown command.
You puncture the yak!
The yak is moderately wounded.
You barely miss the yak. You bite the yak, but do no damage.
The yak is moderately wounded.
The yak gores you.
You puncture the yak!
The yak is heavily wounded.
The yak gores you but does no damage.
You hit the yak. You bite the yak.
The yak is severely wounded.
You barely miss the yak.
The yak is severely wounded.
The yak completely misses you.
You puncture the yak!
You kill the yak!
Cheibriados appreciates the change of pace.
You start resting.
HP restored.
You climb downwards.
Welcome back to the Lair of Beasts!
You feel an oppressive heat about you.
There is an entrance to a volcano on this level.
Hurry and find it before the entrance collapses!
You hear the slow rumble of a very distant avalanche of rocks.
The yak misses you. The yak barely misses you.
There is a staircase back to the Dungeon, spattered with blood here.
Activating: Slouch (12% risk of failure)
Press: ? - help, Dir - look around, f - activate You can feel time thicken for a moment.
You can no longer inflict damage on those overly hasty.
Cheibriados lowers the support of your attributes as your movement quickens.
The yak misses you. The yak gores you but does no damage.
The yak completely misses you.
A cane toad comes into view.
Okay, then.
Unknown command.
Are you sure you want to abandon this character and quit the game? (Confirm with "yes".)

..F# #.
....# #..
....# #...
....# #....
#D..###.....
∆.Y..#...#
#Yl...#
#@Y.# ##Y##
##


You could see a seven-headed hydra, a komodo dragon, 4 yaks and a cane toad.

Vanquished Creatures
  Erica (D:8)
  A two-headed ogre (D:9)
  Maggie (D:8)
  A queen bee (D:9)
  2 hornets (D:9)
  A wyvern (D:9)
  A shadow (D:9)
  6 yaks
  A steam dragon (D:8)
  4 wargs (D:9)
  3 water moccasins
  A sky beast (D:6)
  An ice beast (D:7)
  3 centaurs
  4 ogres
  A kobold brigand (D:8)
  3 bullfrogs (D:7)
  A necrophage (D:4)
  2 scorpions
  4 wights
  34 killer bees
  8 howler monkeys
  4 jellies
  5 hounds
  Crazy Yiuf (D:2)
  3 gnoll shamans
  2 orc priests
  2 iguanas
  Jessica (D:2)
  4 orc wizards
  14 gnolls
  2 adders
  A white imp (D:7)
  An ufetubus (D:5)
  A worm (D:2)
  A dart slug (D:4)
  23 orcs
  5 ball pythons
  11 endoplasms
  A giant cockroach (D:4)
  9 goblins
  13 hobgoblins
  4 jackals (D:4)
  12 kobolds
  4 quokkas
  7 bats
  2 frilled lizards
  6 rats
223 creatures vanquished.

Vanquished Creatures (others)
  An endoplasm (D:2)
  15 foxfires (D:8)
  3 fungi (D:2)
  13 plants
  17 toadstools (Lair:1)
49 creatures vanquished.

Grand Total: 272 creatures vanquished

Notes
Turn   | Place    | Note
-------+----------+-------------------------------------------
     0 | D:1      | ptdevnull the Gnoll Wanderer began the quest for the Orb.
     0 | D:1      | ptdevnull set off with the following items: a +2 hand
                  | crossbow, a wand of polymorph (3), a scroll of fog, a +0
                  | robe; and the following spells available to memorise:
                  | Wereblood, Passwall.
     0 | D:1      | Reached XP level 1. HP: 13/13 MP: 4/4
   202 | D:1      | Reached XP level 2. HP: 19/19 MP: 5/5
   417 | D:1      | Reached XP level 3. HP: 25/25 MP: 7/7
   837 | D:2      | Reached skill level 1 in Invocations
   996 | D:2      | Reached skill level 1 in Fighting
   996 | D:2      | Reached skill level 1 in Short Blades
   996 | D:2      | Reached skill level 1 in Long Blades
   996 | D:2      | Reached skill level 1 in Axes
   996 | D:2      | Reached skill level 1 in Maces & Flails
   996 | D:2      | Reached skill level 1 in Polearms
   996 | D:2      | Reached skill level 1 in Staves
   996 | D:2      | Reached skill level 1 in Slings
   996 | D:2      | Reached skill level 1 in Bows
   996 | D:2      | Reached skill level 1 in Throwing
   996 | D:2      | Reached skill level 1 in Armour
   996 | D:2      | Reached skill level 1 in Shields
   996 | D:2      | Reached skill level 1 in Unarmed Combat
  1039 | D:2      | Noticed Terence
  1040 | D:2      | Noticed Jessica
  1063 | D:1      | Noticed Terence
  1063 | D:1      | Terence changed into Terence the hobgoblin
  1066 | D:1      | Killed Terence the hobgoblin
  1353 | D:2      | Found a faded altar of an unknown god.
  1373 | D:2      | Killed Jessica
  1374 | D:2      | Reached XP level 4. HP: 23/32 MP: 8/8
  1632 | D:2      | Found a runed translucent door.
  1633 | D:2      | Noticed Crazy Yiuf
  1780 | D:2      | Killed Crazy Yiuf
  1781 | D:2      | Reached skill level 1 in Conjurations
  1781 | D:2      | Reached skill level 1 in Hexes
  1781 | D:2      | Reached skill level 1 in Summonings
  1781 | D:2      | Reached skill level 1 in Necromancy
  1781 | D:2      | Reached skill level 1 in Translocations
  1781 | D:2      | Reached skill level 1 in Fire Magic
  1781 | D:2      | Reached skill level 1 in Ice Magic
  1781 | D:2      | Reached skill level 1 in Air Magic
  1781 | D:2      | Reached skill level 1 in Earth Magic
  1781 | D:2      | Reached skill level 1 in Poison Magic
  2050 | D:3      | Found Pemupigi's Book Shop.
  2096 | D:3      | Reached XP level 5. HP: 37/37 MP: 9/9
  2420 | D:3      | Reached XP level 6. HP: 36/44 MP: 9/11
  2632 | D:3      | Identified the +8 dagger of Rotation {spect, rElec rF-
                  | Dex+3 SInv}
  3141 | D:4      | Found a runed translucent door.
  3141 | D:4      | Noticed DocClef's ghost (amateur DrTm)
  3188 | D:4      | Reached skill level 5 in Evocations
  3384 | D:4      | Reached XP level 7. HP: 48/50 MP: 12/12
  3585 | D:4      | Found a staircase to the Ecumenical Temple.
  3619 | Temple   | Entered the Ecumenical Temple
  3824 | Temple   | Became a worshipper of Cheibriados the Contemplative
  4240 | D:5      | Entered Level 5 of the Dungeon
  4585 | D:5      | Reached skill level 9 in Crossbows
  4911 | D:5      | Reached * piety under Cheibriados
  5174 | D:5      | Reached XP level 8. HP: 57/57 MP: 14/14
  6429 | D:6      | Reached ** piety under Cheibriados
  6477 | D:6      | Reached XP level 9. HP: 57/65 MP: 16/16
  7165 | D:7      | Reached skill level 5 in Spellcasting
  7444 | D:7      | Reached skill level 5 in Dodging
  7554 | D:7      | Reached skill level 5 in Stealth
  7983 | D:8      | Reached *** piety under Cheibriados
  7994 | D:8      | Reached skill level 5 in Invocations
  8104 | D:8      | Noticed Erica
  8116 | D:8      | Killed Erica
  8117 | D:8      | Reached XP level 10. HP: 26/73 MP: 18/18
  8383 | D:8      | Learned a level 2 spell: Passwall
  8385 | D:8      | Learned a level 1 spell: Foxfire
  8388 | D:8      | Learned a level 2 spell: Wereblood
  8406 | D:8      | Reached skill level 5 in Fighting
  8406 | D:8      | Reached skill level 5 in Short Blades
  8406 | D:8      | Reached skill level 5 in Long Blades
  8406 | D:8      | Reached skill level 5 in Axes
  8406 | D:8      | Reached skill level 5 in Maces & Flails
  8406 | D:8      | Reached skill level 5 in Polearms
  8406 | D:8      | Reached skill level 5 in Staves
  8406 | D:8      | Reached skill level 5 in Slings
  8406 | D:8      | Reached skill level 5 in Bows
  8406 | D:8      | Reached skill level 5 in Throwing
  8406 | D:8      | Reached skill level 5 in Armour
  8406 | D:8      | Reached skill level 5 in Shields
  8406 | D:8      | Reached skill level 5 in Unarmed Combat
  8541 | D:8      | Reached skill level 10 in Crossbows
  8607 | D:8      | Noticed Maggie
  8611 | D:8      | Killed Maggie
  8921 | D:8      | Reached skill level 5 in Transmutations
  9181 | D:9      | Paralysed by a hornet for 3 turns
  9345 | D:9      | Found a staircase to the Orcish Mines.
  9357 | D:9      | Reached **** piety under Cheibriados
  9588 | D:9      | Found Nuosag's Antique Weapon Shoppe.
  9598 | D:9      | Found a radiant altar of Vehumet.
  9609 | D:9      | Noticed a two-headed ogre
  9651 | D:9      | Reached XP level 11. HP: 76/81 MP: 14/20
  9655 | D:9      | Killed a two-headed ogre
  9663 | D:9      | Reached skill level 5 in Conjurations
  9663 | D:9      | Reached skill level 5 in Hexes
  9663 | D:9      | Reached skill level 5 in Summonings
  9663 | D:9      | Reached skill level 5 in Necromancy
  9663 | D:9      | Reached skill level 5 in Translocations
  9663 | D:9      | Reached skill level 5 in Fire Magic
  9663 | D:9      | Reached skill level 5 in Ice Magic
  9663 | D:9      | Reached skill level 5 in Air Magic
  9663 | D:9      | Reached skill level 5 in Earth Magic
  9663 | D:9      | Reached skill level 5 in Poison Magic
 10044 | D:9      | Found a staircase to the Lair.
 10146 | Lair:1   | Entered Level 1 of the Lair of Beasts
 10146 | Lair:1   | Noticed a seven-headed hydra
 10215 | Lair:1   | Quit the game

Illustrated notes

Levels and vault maps discovered:
D:1:      dpeg_arrival_refuge, layout_loops_ring
D:2:      layout_rooms, shapermc_ecumenical_altar_mp_ritualfount, uniq_jessica,
          uniq_crazy_yiuf_cottage, uniq_terence
D:3:      layout_loops_ring, serial_shops, nicolae_shop_waterfront, st_stairs_6,
          grunt_ministairs_4, serial_bayou_lake_a
D:4:      layout_basic, minmay_temple_entry_drinking_statues,
          hellmonk_ghost_happy_afterlife
D:5:      layout_basic
D:6:      cheibrodos_iron_armory, layout_basic, minmay_misc_feat_hallway
D:7:      layout_gridville
D:8:      layout_loops_ring, special_room [special_room_orc], uniq_erica,
          uniq_maggie
D:9:      layout_rooms, nicolae_vehumet_altar_sigil, lair_entry_dummy,
          minmay_orc_entry_guard_dogs, serial_shops, nicolae_shop_crystal,
          special_room [special_room_bee]
Temple:   mainiacjoe_temple_hex_bubbles
Lair:1:   minmay_guarded_unrand_snakebite, layout_hall_layers,
          nicolae_volcano_entry_batcave, st_stairs_13, tgw_fedhas, uniq_urug

Skill      XL: |  1  2  3  4  5  6  7  8  9 10 11 |
---------------+----------------------------------+-----
Transmutations | 2 3 4 5 |  5.5
Invocations    | 1 2 3 4 5 6 |  6.7
Fighting       | 1 2 3 4 5 6 |  6.1
Short Blades   | 1 2 3 4 5 6 |  6.1
Long Blades    | 1 2 3 4 5 6 |  6.1
Axes           | 1 2 3 4 5 6 |  6.1
Maces & Flails | 1 2 3 4 5 6 |  6.1
Polearms       | 1 2 3 4 5 6 |  6.1
Staves         | 1 2 3 4 5 6 |  6.1
Slings         | 1 2 3 4 5 6 |  6.1
Bows           | 1 2 3 4 5 6 |  6.1
Throwing       | 1 2 3 4 5 6 |  6.1
Armour         | 1 2 3 4 5 6 |  6.1
Shields        | 1 2 3 4 5 6 |  6.1
Unarmed Combat | 1 2 3 4 5 6 |  6.1
Spellcasting   | 3 4 5 6 |  6.8
Conjurations   | 1 2 3 4 5 |  5.0
Hexes          | 1 2 3 4 5 |  5.0
Summonings     | 1 2 3 4 5 |  5.0
Necromancy     | 1 2 3 4 5 |  5.0
Translocations | 1 2 3 4 5 |  5.0
Fire Magic     | 1 2 3 4 5 |  5.0
Ice Magic      | 1 2 3 4 5 |  5.0
Air Magic      | 1 2 3 4 5 |  5.0
Earth Magic    | 1 2 3 4 5 |  5.0
Poison Magic   | 1 2 3 4 5 |  5.0
Dodging        | 3 4 5 6 |  6.7
Stealth        | 3 4 5 6 |  6.6
Evocations     | 5 6 7 |  7.7
Crossbows      | 9 10 | 10.5

Action                   |  1- 3 |  4- 6 |  7- 9 | 10-12 || total
-------------------------+-------+-------+-------+-------++-------
Melee: Dagger            |       |       |   128 |   134 ||   262
       Bite              |       |       |    19 |    22 ||    41
       Punch             |       |       |       |     9 ||     9
 Fire: Hand crossbow     |    98 |   104 |    61 |    16 ||   279
 Cast: Foxfire           |       |       |       |    10 ||    10
Invok: Bend Time         |       |       |     1 |       ||     1
       Slouch            |       |       |       |     3 ||     3
Evoke: Wand              |     1 |       |     1 |     3 ||     5
  Use: Potion            |     5 |     1 |     2 |       ||     8
       Scroll            |     1 |       |     1 |     4 ||     6
 Stab: Distracted        |       |       |     3 |     4 ||     7
       Sleeping          |       |       |     2 |     2 ||     4
Armor: Ring mail         |     7 |       |     4 |    11 ||    22
       Chain mail        |       |    31 |    63 |       ||    94
       Steam dragon scal |       |       |       |    20 ||    20
Dodge: Dodged            |    31 |     8 |    54 |   107 ||   200
Block: Kite shield       |       |    24 |    78 |       ||   102

Table legend: (Time is in decaauts)
 A = Elapsed time spent in this place.
 B = Non-inter-level travel time spent in this place.
 C = Inter-level travel time spent in this place.
 D = Time resting spent in this place.
 E = Time spent auto-exploring this place.
 F = Levels seen in this place.
 G = Mean time per level.
                   A        B        C        D        E       F      G
               +--------+--------+--------+--------+--------+-----+--------+
         Total |  11889 |  11346 |    543 |   1646 |   8125 |  11 | 1080.8 |
       Dungeon |  11666 |  11135 |    531 |   1646 |   7926 |   9 | 1296.2 |
        Temple |    217 |    205 |     12 |      0 |    199 |   1 |  217.0 |
          Lair |      5 |      5 |      0 |      0 |      0 |   1 |    5.0 |
               +--------+--------+--------+--------+--------+-----+--------+

Top non-repeatable levels by time:
     D:6: 1771 daAuts
     D:5: 1446 daAuts
     D:8: 1409 daAuts
     D:9: 1304 daAuts
     D:7: 1294 daAuts
     D:4: 1238 daAuts
     D:3: 1170 daAuts
     D:1: 1111 daAuts
     D:2: 920 daAuts
  Temple: 217 daAuts
  Lair:1: 5 daAuts
